cohdb
Replays
Latest Replays
All Replays
Popular Replays
Top Player Replays
Match Explorer
How It Works
Community
CoH3 Stats
Reddit
Sign in to upload your games and track your stats! →
Sign in with Steam
Match 45465372
Unlisted
Match 45465372
Overview
Messages
Build Orders
End
Engineer Squad
Construct Barracks
Selects Armored Battlegroup
Selects Veteran Crews
1⁄4-ton 4x4 Truck
Riflemen Squad
Riflemen Squad
Riflemen Squad
Construct Medical Station
Air Support Center
Construct Motor Pool
M8 Greyhound Armored Car
Selects Fast Deploy
M1918 Browning Automatic Rifles
Grasshopper Recon Run
P-47 Dive Bomb
M8 Greyhound Armored Car
M1 Mortar Team
P-47 Strafing Run
Double Sortie
Selects M8 Scott SPG
Engineer Squad
Grasshopper Recon Run
P-47 Dive Bomb
M1 Anti-tank Gun Team
P-47 Strafing Run
Construct Tank Depot
M8 Scott SPG
M24 Chaffee Light Tank
P-47 Strafing Run
M24 Chaffee Light Tank
Grasshopper Recon Run
Number 60
HulkSMASH
0
0
Comments
sign in to comment!
No comments posted yet!